 Dungeon Crawl Stone Soup version 0.30-a0-1161-g0704695555 (webtiles) character file.

Game seed: 16543733057283915404

72867 demibob the Bludgeoner (level 15, -3/187 HPs)
             Began as a Demonspawn Fighter on Apr 25, 2023.
             Was an Elder of Jiyva.
             Slain by an orc warrior
             ... wielding a +0 mace
             ... led by the fury of Okawaru
              (8 damage)
             ... on level 15 of the Dungeon on Apr 28, 2023.
             The game lasted 00:33:52 (24933 turns).

demibob the Bludgeoner (Demonspawn Fighter)        Turns: 24933, Time: 00:33:53

Health: -3/187     AC: 30    Str: 21    XL:     15   Next: 2%
Magic:  15/15      EV:  8    Int: 10    God:    Jiyva [****..]
Gold:   1446       SH:  5    Dex: 15    Spells: 14/14 levels left

rFire   + + +        a - +6 great mace (drain)
rCold   + . .        (shield currently unavailable)
rNeg    . . .        J - +4 plate armour {rC+}
rPois   .            l - +2 hat {Will+}
rElec   .            b - +0 cloak
rCorr   +            k - +0 pair of gloves
SInv    .            (boots unavailable)
Will    ++...        q - amulet of reflection Stlth
                     (no ring)
HPRegen 2.59/turn    (no ring)
MPRegen 0.54/turn

%: reflection
@: berserking, about to teleport, sanguine armoured, invisible, very quick
A: hooves 3, demonic guardian 3, foul stench 2, sanguine armour 1, corrupting
presence 1, fire resistance 3, regeneration 1
a: Renounce Religion, Oozemancy, Slimify


You were on level 15 of the Dungeon.
You worshipped Jiyva.
Jiyva was greatly pleased with you.
You visited 4 branches of the dungeon, and saw 23 of its levels.
You visited the Abyss 1 time.
You also visited: Ossuary and Bailey.

You collected 2028 gold pieces.
You spent 582 gold pieces at shops.


Innate Abilities, Weirdness & Mutations

You have hooves in place of feet.
A powerful demonic guardian rushes to your aid.
You sometimes emit foul miasma when damaged in melee.
When seriously injured, your blood forms armour. (AC +6)
Your presence sometimes corrodes those you injure.
Your flesh is almost immune to the effects of heat. (rF+++)
Your natural rate of healing is unusually fast.


   Skills:
 + Level 13.6 Fighting
 + Level 17.6 Maces & Flails
 + Level 12.3 Armour
 - Level 2.3 Dodging
 - Level 4.2 Shields


You had 14 spell levels left.
You didn't know any spells.
Your spell library contained the following spells:

 Spells                   Type           Power      Damage    Failure   Level
 Kiss of Death            Conj/Necr      0%         2d5       99%         1
 Blink                    Tloc           0%         N/A       100%        2
 Static Discharge         Conj/Air       0%         2-2/arc   100%        2
 Call Canine Familiar     Summ           0%         N/A       100%        3
 Confusing Touch          Hex            0%         N/A       100%        3
 Dazzling Flash           Conj/Hex       0%         N/A       100%        3
 Inner Flame              Hex/Fire       0%         N/A       100%        3
 Portal Projectile        Hex/Tloc       0%         N/A       100%        3
 Volatile Blastmotes      Fire/Tloc      0%         2d10      100%        3
 Airstrike                Air            0%         2d(0-16)  100%        4
 Dispel Undead            Necr           0%         3d6       100%        4
 Iskenderun's Mystic Bla  Conj/Tloc      0%         2d3       100%        4
 Leda's Liquefaction      Hex/Erth       0%         N/A       100%        4
 Manifold Assault         Tloc           0%         N/A       100%        4
 Summon Lightning Spire   Summ/Air       0%         N/A       100%        4
 Yara's Violent Unravell  Hex/Tmut       0%         3d3       100%        5
 Starburst                Conj/Fire      0%         6d3       100%        6
 Enfeeble                 Hex            0%         N/A       100%        7
 Storm Form               Tmut/Air       0%         N/A       100%        7

Inventory:

Hand Weapons
 a - a +6 great mace of draining (weapon)
 t - a +0 whip of electrocution
 B - a +0 morningstar
 L - a +3 great mace of protection
Missiles
 N - a throwing net {=f}
Armour
 b - a +0 cloak (worn)
 k - a +0 pair of gloves (worn)
 l - a +2 hat of willpower (worn)
 r - +0 swamp dragon scales
 J - a +4 plate armour of cold resistance (worn)
Magical Staves
 y - a staff of cold {!a}
Jewellery
 c - a ring of ice
 p - an amulet of the acrobat
 q - an amulet of reflection (around neck)
 C - a ring of ice
 S - a +6 ring of strength
Wands
 w - a wand of paralysis (5)
 F - a wand of flame (21)
 I - a wand of quicksilver (3)
 K - a wand of polymorph (6)
Scrolls
 d - 3 scrolls of teleportation {@r2}
 g - 2 scrolls of immolation
 i - 3 scrolls of enchant weapon
 n - 3 scrolls of identify {@r1}
 A - a scroll of butterflies
 D - 4 scrolls of amnesia
 G - a scroll of enchant armour
 M - 2 scrolls of fog
Potions
 e - 8 potions of lignification
 f - 2 potions of resistance
 h - 8 potions of mutation
 j - a potion of haste {@q3}
 m - 2 potions of berserk rage {!q}
 o - 5 potions of might
 s - 5 potions of magic
 v - 2 potions of brilliance
 x - 6 potions of flight
 z - 3 potions of attraction
 E - 2 potions of ambrosia
Miscellaneous
 H - a piece from Xom's chessboard (15/15)

Dungeon Overview and Level Annotations

Branches:
Dungeon (15/15)            Temple (1/1) D:7            Lair (5/5) D:9
  Swamp (0/4) Lair:3        Snake (0/4) Lair:3        Slime (0/5) Lair:5
    Orc (2/2) D:10            Elf (0/3) Orc:2        Vaults (0/5) D:13
 Depths (0/4) D:15        Ossuary (visited)          Bailey (visited)

Altars:
Ashenzari
Cheibriados
Dithmenos
Fedhas
Gozag
Hepliaklqana
Kikubaaqudgha
Makhleb
Nemelex Xobeh
Okawaru
Qazlal
Ru
Sif Muna
Trog
Uskayaw
Vehumet
Wu Jian
Xom
Yredelemnul
Jiyva

Shops:
D:6 !   D:7 (   Orc:2 [*(:

Portals:
Trove: D:12 (give +5 fire dragon scales)

Annotations:
D:3 1 runed translucent door, Crazy Yiuf
D:10 exclusion: obsidian statue
D:15 3 runed translucent doors, Bialiabluu's ghost, adept GrEE; Ganul's ghost, journeyman DsGl; Guh Rysug's ghost, journeyman DsGl; Huipt's ghost, journeyman DEFE; Itobb's ghost, adept FoFi

.####...###.................#
###...##...##.....##...##
#.###########.############
####.# #...##...##..#......
#....# #..o#.....#..#......
#....# ##.oo#.....#..#......
#....# #oooo#.....#..#######
#....####.ooQ##...##..# #
#......##hoT@#######..# #
.###....#####oToe........# #
........#####..oo2.......# #
####...#.....o#########.##### #
#####..)#......# ##.........## #
#......†.......# ##......J....##
#..............# #..J........88#
...............# #.......P..8..#
#.........########....8...P8...#


You could see an orc warlord (strong, unable to see you), a deep elf master
archer (unable to see you, ally target), an orc knight (strong, unable to see
you), a tengu warrior (unable to see you, very poisoned, slow), 2 trolls, a
warg, 7 orc warriors, an orc priest (strong, unable to see you), 2 orc wizards,
3 orcs and a friendly balrug (summoned).


Message History

* * * LOW HITPOINT WARNING * * *
A demonic guardian appears!
Really quaff
m - 3 potions of berserk rage {!q}?
A red film seems to cover your vision as you go berserk!
You feel yourself moving faster!
You feel mighty!
The deep elf master archer shoots an arrow.
The arrow hits you!
* * * LOW HITPOINT WARNING * * *
The orc warlord hits you from afar with a +0 bardiche.
* * * LOW HITPOINT WARNING * * *
The troll closely misses you. The troll claws you but does no damage.
The troll closely misses you.
The tengu warrior is engulfed in dark miasma.
The tengu warrior looks even sicker.
The tengu warrior seems to slow down.
The tengu warrior barely misses you. You block the tengu warrior's attack.
The tengu warrior claws you but does no damage.
The deep elf master archer shoots an arrow.
The arrow hits you but does no damage.
Your balrug barely misses the deep elf master archer.
You closely miss the deep elf master archer.
You kick the deep elf master archer!
The deep elf master archer is moderately wounded.
The deep elf master archer shoots an arrow.
The arrow hits you!!
* * * LOW HITPOINT WARNING * * *
The troll bites you.
* * * LOW HITPOINT WARNING * * *
The troll barely misses you. x2
The orc warrior hits you with a +0 mace!
You die...

Skill      XL: |  1  2  3  4  5  6  7  8  9 10 11 12 13 14 |
---------------+-------------------------------------------+-----
Maces & Flails | 2 3 4 6 8 10 13 14 15 16 17 | 17.6
Shields        | 3 4 |  4.2
Armour         | 4 6 9 11 12 | 12.3
Fighting       | 4 6 10 12 13 | 13.6
Dodging        | 2 |  2.3

Action                     |  1- 3 |  4- 6 |  7- 9 | 10-12 | 13-15 || total
---------------------------+-------+-------+-------+-------+-------++-------
  Melee: Flail             |    99 |    53 |       |       |       ||   152
         Kick              |       |    34 |    96 |   330 |   361 ||   821
         Morningstar       |       |    57 |    20 |       |       ||    77
         Whip              |       |       |   307 |   905 |   274 ||  1486
         Great mace        |       |       |       |       |   726 ||   726
 Invoke: Heroism           |       |       |       |     3 |     5 ||     8
  Evoke: Wand              |       |       |     2 |     9 |    12 ||    23
    Use: Scroll            |     5 |     7 |     7 |    10 |    15 ||    44
         Potion            |       |     1 |     7 |     6 |    11 ||    25
   Stab: Petrified         |       |       |       |     5 |    13 ||    18
         Distracted        |       |       |       |       |     2 ||     2
 Armour: Scale mail        |    53 |    18 |       |   225 |   422 ||   718
         Ring mail         |       |    19 |    99 |     1 |       ||   119
         Plate armour      |       |       |       |       |    61 ||    61
  Dodge: Dodged            |    50 |    50 |   108 |   168 |   342 ||   718
  Block: Buckler           |    12 |    18 |    49 |   327 |    85 ||   491
         Reflection        |       |       |       |     5 |    14 ||    19
         Other             |       |       |       |       |   182 ||   182

Levels and vault maps discovered:
D:1:      mainiacjoe_arrival_reflecting_pool, layout_basic
D:2:      layout_basic, kennysheep_cluttered_room, reono_crystal_passage
D:3:      layout_basic, okawaru_metal_pillars_3, mainiacjoe_overflow_alcove_2,
          uniq_crazy_yiuf_cottage
D:4:      layout_layer_cave, xom_butterflies, kiku_gazebo_garden_becter
D:5:      layout_basic, mainiacjoe_overflow_boulevard,
          nicolae_ossuary_entry_ruins
D:6:      layout_basic, mainiacjoe_overflow_24_doors,
          mainiacjoe_overflow_tiny_flanked,
          nicolae_hepliaklqana_monster_ancestors, serial_shops, shop,
          uniq_maggie
D:7:      layout_basic, temple_doors_ab, serial_shops, shop, serial_glass,
          glass_columns_c, glass_columns_b, item_on_display_a,
          minmay_strange_pillars, nicolae_figureground_pulse
D:8:      layout_loops_ring, nicolae_gozag_seed_capital, minmay_starry_boxes,
          uniq_maurice, uniq_gastronok
D:9:      layout_basic, nicolae_vehumet_radiance, old_standard_altar,
          lair_entry_dummy
D:10:     layout_roguey, lemuel_doored_altar, enter_bailey_7, minivault_16
D:11:     layout_loops_cross
D:12:     layout_rooms, special_room [special_room_orc], enter_trove_6,
          hangedman_glass_teeth, uniq_nessos
D:13:     layout_loops_ring, david_vaults_2, special_room [special_room_bee],
          nicolae_elevator_lobby_asterisk
D:14:     layout_loops_ring, minivault_19
D:15:     gammafunk_depths_entry_grave, layout_basic, hangedman_decor_slide_cut,
          gammafunk_ghost_cemetery, minmay_three_doors, uniq_rupert
Temple:   hellmonk_temple_rainy
Lair:1:   layout_concentric_octagons
Lair:2:   layout_regular_city
Lair:3:   layout_regular_city, swamp_mist, minmay_snake_entry_guardpost_small,
          minivault_27, infiniplex_staircase_pool_2, grunt_megastairs_3
Lair:4:   layout_roguey, grunt_megastairs_4, uniq_snorg
Lair:5:   grunt_lair_end_beastmaster, layout_cellular_growth, slime_entry_1,
          serial_bayou_pond_c, minmay_lindwurm_lava
Orc:1:    layout_caves, statue_in_the_mist_lemuel, nicolae_orc_damp_corner
Orc:2:    st_orc_congregation, layout_caves, gammafunk_ghost_grave, basic_altar

Notes
Turn   | Place    | Note
-------+----------+-------------------------------------------
     0 | D:1      | demibob the Demonspawn Fighter began the quest for the Orb.
     0 | D:1      | Reached XP level 1. HP: 18/18 MP: 1/1
    62 | D:1      | Reached skill level 2 in Maces & Flails
   107 | D:1      | Gained mutation: You may rarely emit foul miasma when
                  | damaged in melee. [demonic ancestry]
   107 | D:1      | Reached XP level 2. HP: 17/24 MP: 2/2
   316 | D:1      | Reached skill level 3 in Shields
   487 | D:1      | Identified 2 potions of resistance
   675 | D:2      | Reached XP level 3. HP: 27/29 MP: 3/3
   721 | D:2      | Identified the +11 sling of the Mosquito {heavy, rC+ Str-4
                  | Dex+3}
   777 | D:2      | Reached skill level 3 in Maces & Flails
  1036 | D:2      | Gained mutation: You have large cloven feet. [demonic
                  | ancestry]
  1036 | D:2      | Reached XP level 4. HP: 35/35 MP: 4/4
  1523 | D:3      | Found an iron altar of Okawaru.
  1534 | D:3      | Became a worshipper of Warmaster Okawaru
  1606 | D:3      | Reached skill level 4 in Maces & Flails
  1612 | D:3      | Gained mutation: You have hoof-like feet. [demonic
                  | ancestry]
  1612 | D:3      | Reached XP level 5. HP: 27/41 MP: 5/5
  2150 | D:3      | Found a runed translucent door.
  2151 | D:3      | Noticed Crazy Yiuf
  2226 | D:4      | Found a shimmering altar of Xom.
  2249 | D:4      | Reached skill level 4 in Shields
  2606 | D:4      | Gained mutation: You have hooves in place of feet. [demonic
                  | ancestry]
  2606 | D:4      | Reached XP level 6. HP: 28/47 MP: 6/6
  2684 | D:4      | Found an ancient bone altar of Kikubaaqudgha.
  2689 | D:4      | Identified the +1 scale mail "Xofalo Nawo" {rF+ rCorr}
  2757 | D:4      | Reached * piety under Okawaru
  2758 | D:4      | Reached skill level 5 in Maces & Flails
  3236 | D:5      | Entered Level 5 of the Dungeon
  3481 | D:5      | Reached skill level 6 in Maces & Flails
  3483 | D:5      | Gained mutation: You sometimes emit foul miasma when
                  | damaged in melee. [demonic ancestry]
  3483 | D:5      | Reached XP level 7. HP: 52/52 MP: 7/7
  3625 | D:5      | Found a burning altar of Makhleb.
  3627 | D:5      | Found a sand-covered staircase.
  3633 | Ossuary  | Entered an ossuary
  3703 | Ossuary  | Reached skill level 7 in Maces & Flails
  4636 | D:6      | Found a sparkling altar of Nemelex Xobeh.
  4688 | D:6      | Found Wics's Distillery.
  4688 | D:6      | Noticed Maggie
  4697 | D:6      | Reached ** piety under Okawaru
  4707 | D:6      | HP: 4/52 [Maggie/+2 glaive of flaming (3)]
  4710 | D:6      | Killed Maggie
  4711 | D:6      | Reached skill level 8 in Maces & Flails
  4711 | D:6      | Reached XP level 8. HP: 32/58 MP: 8/8
  4807 | D:6      | Bought a potion of heal wounds for 60 gold pieces
  4807 | D:6      | Bought a potion of heal wounds for 60 gold pieces
  4807 | D:6      | Bought a potion of curing for 36 gold pieces
  4807 | D:6      | Bought a potion of mutation for 96 gold pieces
  4807 | D:6      | Bought a potion of mutation for 96 gold pieces
  4829 | D:6      | Reached skill level 9 in Maces & Flails
  5426 | D:6      | Found a hazy altar of Hepliaklqana.
  5554 | D:7      | Reached *** piety under Okawaru
  5555 | D:7      | Reached skill level 10 in Maces & Flails
  5780 | D:7      | Gained mutation: A weak demonic guardian rushes to your
                  | aid. [demonic ancestry]
  5780 | D:7      | Reached XP level 9. HP: 61/63 MP: 9/9
  6174 | D:7      | Found a staircase to the Ecumenical Temple.
  6225 | Temple   | Entered the Ecumenical Temple
  6383 | D:7      | Found Eputsin's Weapon Shoppe.
  6451 | D:8      | Reached skill level 11 in Maces & Flails
  6634 | D:8      | Reached **** piety under Okawaru
  6716 | D:8      | Noticed a troll
  6726 | D:8      | Killed a troll
  6727 | D:8      | Reached skill level 12 in Maces & Flails
  6749 | D:8      | Noticed Gastronok
  6772 | D:8      | Killed Gastronok
  6773 | D:8      | Reached skill level 13 in Maces & Flails
  6773 | D:8      | Gained mutation: When seriously injured, your blood forms
                  | armour. (AC +6) [demonic ancestry]
  6773 | D:8      | Reached XP level 10. HP: 70/70 MP: 10/10
  6875 | D:8      | Identified the +8 ring mail of Recley {Int+4}
  7104 | D:8      | Noticed Maurice
  7117 | D:8      | Killed Maurice
  7117 | D:8      | Reached ***** piety under Okawaru
  7129 | D:8      | Found an opulent altar of Gozag.
  7238 | D:8      | Identified the +4 scale mail of the Nexus {Dex+2} (Okawaru
                  | gifted it to you on level 8 of the Dungeon)
  7238 | D:8      | Received a gift from Okawaru
  7740 | D:9      | Found a staircase to the Lair.
  7950 | D:9      | Found a radiant altar of Vehumet.
  8044 | D:9      | Found a shimmering blue altar of Sif Muna.
  8340 | Lair:1   | Entered Level 1 of the Lair of Beasts
  8553 | Lair:1   | Reached skill level 14 in Maces & Flails
  8553 | Lair:1   | Reached skill level 3 in Armour
  8742 | Lair:1   | You fall into a shaft and drop 1 floor!
  8900 | Lair:1   | Noticed a cane toad
  8914 | Lair:1   | Killed a cane toad
  9135 | Lair:1   | Reached skill level 4 in Fighting
  9277 | Lair:1   | Reached skill level 4 in Armour
  9493 | Lair:1   | Reached XP level 11. HP: 78/78 MP: 11/11
  9681 | Lair:2   | Noticed a skyshark
  9702 | Lair:2   | Killed a skyshark
  9703 | Lair:2   | Reached skill level 5 in Fighting
  9955 | Lair:2   | Reached skill level 15 in Maces & Flails
 10004 | Lair:2   | Reached skill level 5 in Armour
 10122 | Lair:2   | Received a gift from Okawaru
 10583 | Lair:2   | Reached skill level 6 in Fighting
 11037 | Lair:2   | Paralysed by a hornet for 1 turns
 11402 | Lair:2   | Reached skill level 6 in Armour
 11820 | Lair:3   | Gained mutation: A demonic guardian rushes to your aid.
                  | [demonic ancestry]
 11820 | Lair:3   | Reached XP level 12. HP: 85/89 MP: 12/12
 11874 | Lair:3   | Identified the +0 plate armour of the Skies Above {Str+7}
                  | (Okawaru gifted it to you on level 3 of the Lair of Beasts)
 11874 | Lair:3   | Received a gift from Okawaru
 11987 | Lair:3   | Found a staircase to the Swamp.
 12029 | Lair:3   | Reached skill level 7 in Fighting
 12221 | Lair:3   | Found a staircase to the Snake Pit.
 12224 | Lair:3   | Reached skill level 16 in Maces & Flails
 12821 | Lair:4   | Noticed a four-headed hydra
 12830 | Lair:4   | Killed a four-headed hydra
 12842 | Lair:4   | Reached skill level 7 in Armour
 13027 | Lair:4   | Reached skill level 8 in Fighting
 13180 | Lair:4   | Noticed Snorg
 13191 | Lair:4   | Killed Snorg
 13248 | Lair:4   | Noticed a boulder beetle
 13283 | Lair:4   | Killed a boulder beetle
 13473 | Lair:4   | Noticed a catoblepas
 13507 | Lair:4   | Killed a catoblepas
 13515 | Lair:4   | Reached skill level 8 in Armour
 13533 | Lair:4   | Reached skill level 9 in Fighting
 13932 | Lair:5   | Entered Level 5 of the Lair of Beasts
 13932 | Lair:5   | Noticed a boulder beetle
 13932 | Lair:5   | Found a staircase to the Slime Pits.
 13932 | Lair:5   | Found a viscous altar of Jiyva.
 14035 | Lair:4   | Reached ****** piety under Okawaru
 14035 | Lair:4   | Received a gift from Okawaru
 14497 | Lair:5   | Reached skill level 9 in Armour
 14501 | Lair:5   | Noticed a four-headed hydra
 14745 | Lair:5   | Reached skill level 10 in Fighting
 14745 | Lair:5   | Gained mutation: A powerful demonic guardian rushes to your
                  | aid. [demonic ancestry]
 14745 | Lair:5   | Reached XP level 13. HP: 62/103 MP: 13/13
 15603 | Lair:5   | Identified the +0 crystal plate armour of Death's Door
                  | {Int+4} (Okawaru gifted it to you on level 5 of the Lair of
                  | Beasts)
 15603 | Lair:5   | Received a gift from Okawaru
 15856 | Lair:5   | Reached skill level 10 in Armour
 15949 | Lair:5   | Reached skill level 11 in Fighting
 16120 | Lair:5   | HP: 10/106 [lindwurm/blast of flame (23)]
 16647 | D:10     | Entered Level 10 of the Dungeon
 16687 | D:10     | Found a flagged portal.
 16702 | Bailey   | Entered a bailey
 17213 | D:10     | Found a stormy altar of Qazlal.
 17614 | D:10     | Found a staircase to the Orcish Mines.
 17814 | Orc:1    | Entered Level 1 of the Orcish Mines
 18595 | Orc:2    | Entered Level 2 of the Orcish Mines
 18596 | Orc:2    | Found a staircase to the Elven Halls.
 18941 | Orc:2    | Noticed an orc warlord
 18962 | Orc:2    | Killed an orc warlord
 19051 | Orc:2    | Identified the +8 chain mail "Cirphyil" {Str+2} (Okawaru
                  | gifted it to you on level 2 of the Orcish Mines)
 19051 | Orc:2    | Received a gift from Okawaru
 19060 | Orc:2    | Reached skill level 11 in Armour
 19273 | Orc:1    | Reached skill level 12 in Fighting
 19378 | Orc:2    | Reached XP level 14. HP: 65/115 MP: 14/14
 20284 | Orc:2    | Found Muutas's General Store.
 20285 | Orc:2    | Found Kuwnytef's Book Boutique.
 20287 | Orc:2    | Found Lasog's Antique Armour Shop.
 20287 | Orc:2    | Found Ysheg's Antique Weapon Shop.
 20315 | Orc:2    | Upgraded the game from 0.30-a0-1157-g2cc9ac7196 to
                  | 0.30-a0-1161-g0704695555
 20335 | Orc:2    | Bought an encrusted scale mail for 234 gold pieces
 20335 | Orc:2    | Identified the +0 scale mail "Enogui" {rPois Will+} (You
                  | bought it in a shop on level 2 of the Orcish Mines)
 20555 | Lair:5   | Fell from the grace of Okawaru
 20555 | Lair:5   | Became a worshipper of Jiyva Janlif the Shapeless
 21512 | D:12     | Reached * piety under Jiyva
 21622 | D:12     | Noticed Nessos
 21634 | D:12     | Killed Nessos
 21651 | D:12     | Reached skill level 17 in Maces & Flails
 21813 | D:12     | Reached ** piety under Jiyva
 22093 | D:12     | Found a portal to a secret trove of treasure.
 22504 | D:13     | HP: 9/116 [boulder beetle (36)]
 22509 | D:13     | HP: 4/116 [centaur warrior (6)]
 22650 | D:13     | You are cast into the Abyss!
 22650 | Abyss:3  | Found a corrupted altar of Lugonu.
 22650 | Abyss:3  | Cast into level 3 of the Abyss (a deep elf demonologist)
 22651 | Abyss:3  | Found a corrupted altar of Lugonu.
 22652 | Abyss:3  | Found a corrupted altar of Lugonu.
 22653 | Abyss:3  | Noticed a nagaraja
 22659 | Abyss:3  | Reached skill level 13 in Fighting
 22659 | Abyss:3  | Reached skill level 12 in Armour
 22680 | Abyss:3  | Noticed a tentacled starspawn
 22689 | Abyss:3  | Found a corrupted altar of Lugonu.
 22702 | D:13     | You pass through the gate.
 22702 | D:13     | Escaped the Abyss
 23078 | D:13     | Found a gate to the Vaults.
 23082 | D:13     | Noticed a deep elf sorcerer
 23082 | D:13     | Noticed a frost giant
 23110 | D:13     | Noticed an orc warlord
 23110 | D:13     | Noticed a deep elf blademaster
 23116 | D:12     | Killed an orc warlord
 23244 | D:13     | Killed a deep elf blademaster
 23369 | D:13     | Reached *** piety under Jiyva
 23411 | D:13     | Killed a frost giant
 23561 | D:14     | Reached skill level 1 in Dodging
 23579 | D:14     | Noticed a stone giant
 23579 | D:14     | Noticed a frost giant
 23584 | D:14     | Killed a frost giant
 23586 | D:14     | HP: 7/177 [centaur warrior/arrow[the fury of Okawaru] (13)]
 23590 | D:14     | Killed a stone giant
 23768 | D:14     | Gained mutation: Your flesh is heat resistant. (rF+)
                  | [Jiyva's grace]
 23768 | D:14     | Gained mutation: Your flesh is very heat resistant. (rF++)
                  | [Jiyva's grace]
 23768 | D:14     | Gained mutation: Your flesh is almost immune to the effects
                  | of heat. (rF+++) [Jiyva's grace]
 23768 | D:14     | Gained mutation: Your natural rate of healing is unusually
                  | fast. [Jiyva's grace]
 23843 | D:14     | Identified the +5 flail of Rimif {heavy, Str+3}
 24227 | D:15     | Entered Level 15 of the Dungeon
 24236 | D:15     | Reached **** piety under Jiyva
 24247 | D:15     | Reached skill level 2 in Dodging
 24295 | D:15     | Noticed an orc warlord
 24303 | D:15     | Killed an orc warlord
 24508 | D:15     | Noticed Rupert
 24525 | D:15     | Killed Rupert
 24599 | D:15     | Found a staircase to the Depths.
 24715 | D:15     | Found a runed translucent gate.
 24715 | D:15     | Found a runed translucent gate.
 24716 | D:15     | Found a runed translucent gate.
 24716 | D:15     | Noticed Itobb's ghost (adept FoFi)
 24716 | D:15     | Noticed Guh Rysug's ghost (journeyman DsGl)
 24716 | D:15     | Noticed Huipt's ghost (journeyman DEFE)
 24717 | D:15     | Noticed Bialiabluu's ghost (adept GrEE)
 24717 | D:15     | Noticed Ganul's ghost (journeyman DsGl)
 24828 | D:15     | Gained mutation: Your presence sometimes corrodes those you
                  | injure. [demonic ancestry]
 24828 | D:15     | Reached XP level 15. HP: 50/123 MP: 15/15
 24925 | D:15     | Noticed a deep elf master archer
 24933 | D:15     | HP: 6/187 [deep elf master archer/arrow[the fury of
                  | Okawaru] (20)]
 24933 | D:15     | Slain by an orc warrior

Vanquished Creatures
  Rupert (D:15)
  A deep elf blademaster (D:13)
  Gastronok (D:8)
  A frost giant (D:13)
  3 orc warlords
  A stone giant (D:14)
  Nessos (D:12)
  A caustic shrike skeleton (D:15)
  A deep elf demonologist (D:13)
  Snorg (Lair:4)
  A merfolk impaler (D:13)
  4 hydras
  3 catoblepae
  9 centaur warriors
  6 boulder beetles
  5 two-headed ogres
  A deep troll shaman (Lair:5)
  3 death yaks (Lair:5)
  3 tengu warriors
  4 orc high priests (Orc:2)
  A vampire mage (D:15)
  A deep elf knight (D:13)
  A skyshark (Lair:2)
  2 skeletal warriors (D:15)
  A swamp dragon (Abyss:3)
  A lindwurm (Lair:5)
  4 orc knights
  A deep elf zephyrmancer (D:13)
  A manticore (D:12)
  A necromancer (D:15)
  A deep elf pyromancer (D:13)
  A wolf spider (D:15)
  An ugly thing (D:13)
  3 orc sorcerers
  3 elephants (Lair:5)
  3 cyclopes
  Maurice (D:8)
  A torpor snail (Lair:2)
  Maggie (D:6)
  3 black mambas
  A guardian serpent (shapeshifter) (D:13)
  10 cane toads
  2 rime drakes
  A komodo dragon (shapeshifter) (D:15)
  An unseen horror (D:13)
  6 komodo dragons
  A kobold demonologist (D:12)
  2 meliai (D:13)
  A queen bee (D:13)
  2 trolls
  2 polar bears
  2 hornets
  2 merfolk (D:13)
  17 blink frogs
  A jumping spider (shapeshifter) (D:14)
  4 dream sheep (Lair:5)
  2 spriggans (Bailey)
  An ettin skeleton (D:15)
  A vampire (D:11)
  3 wyverns
  49 yaks
  8 vampire mosquitoes
  2 steam dragons
  4 wargs
  A glowing shapeshifter zombie (D:15)
  4 nagas (Lair:3)
  6 acid dragons
  15 water moccasins
  An ice beast (D:8)
  2 black bears
  41 orc warriors
  10 ogres
  3 centaurs
  11 wolves
  A phantom (D:6)
  7 kobold brigands
  13 bullfrogs
  A gnoll sergeant (D:11)
  5 scorpions
  13 killer bees
  4 howler monkeys (D:7)
  4 hounds
  A jelly (D:8)
  A gnoll bouda (D:5)
  27 orc priests
  6 iguanas
  2 sleepcaps
  16 orc wizards
  8 mummies (Ossuary)
  5 adders
  15 gnolls
  2 shadow imps (D:7)
  6 white imps
  2 ufetubi
  A worm (D:1)
  3 dart slugs
  82 orcs
  5 ball pythons
  4 endoplasms
  2 giant cockroaches (D:4)
  A gnoll zombie (Ossuary)
  7 goblins
  10 hobgoblins
  8 quokkas
  5 frilled lizards
  2 hobgoblin zombies (Ossuary)
  37 kobolds
  3 kobold zombies (Ossuary)
  2 orc zombies (Ossuary)
  4 rats
  A spectral hobgoblin (D:6)
  A butterfly (D:4)
  A lurking horror (Abyss:3)
620 creatures vanquished.

Vanquished Creatures (collateral kills)
  A frost giant (D:14)
  A meliai (D:13)
  A troll (D:12)
  A shadow (D:12)
  A scorpion (shapeshifter) (D:13)
  9 killer bees (D:13)
14 creatures vanquished.

Vanquished Creatures (others)
  5 ugly things (D:14)
  An unseen horror (D:12)
  A spriggan zombie (D:15)
  4 slime creatures (D:14)
  An acid dragon (shapeshifter) (D:13)
  A kobold brigand (D:11)
  A killer bee (D:13)
  15 jellies
  An orc priest (D:13)
  An orc wizard (Orc:2)
  4 kobolds (D:11)
  26 fungi
  46 plants
  2 starspawn tentacles (Abyss:3)
  9 withered plants
118 creatures vanquished.

Grand Total: 752 creatures vanquished

Table legend: (Time is in decaauts)
 A = Elapsed time spent in this place.
 B = Non-inter-level travel time spent in this place.
 C = Inter-level travel time spent in this place.
 D = Time resting spent in this place.
 E = Time spent auto-exploring this place.
 F = Levels seen in this place.
 G = Mean time per level.
                   A        B        C        D        E       F      G
               +--------+--------+--------+--------+--------+-----+--------+
         Total |  24266 |  23258 |   1008 |   2918 |  16417 |  26 |  933.3 |
       Dungeon |  12914 |  12378 |    536 |    835 |   9427 |  15 |  860.9 |
        Temple |     17 |      8 |      9 |      0 |      1 |   1 |   17.0 |
          Lair |   8034 |   7673 |    361 |   1095 |   5460 |   5 | 1606.8 |
  Orcish Mines |   2545 |   2444 |    101 |    844 |   1165 |   2 | 1272.5 |
         Abyss |     50 |     50 |      0 |      6 |      0 |   1 |   50.0 |
       Ossuary |    406 |    406 |      0 |    129 |    173 |   1 |  406.0 |
        Bailey |    297 |    297 |      0 |      9 |    190 |   1 |  297.0 |
               +--------+--------+--------+--------+--------+-----+--------+

Top non-repeatable levels by time:
  Lair:5: 2229 daAuts
  Lair:2: 1892 daAuts
   Orc:1: 1483 daAuts
  Lair:1: 1395 daAuts
  Lair:4: 1363 daAuts
     D:8: 1174 daAuts
  Lair:3: 1154 daAuts
    D:13: 1086 daAuts
   Orc:2: 1062 daAuts
     D:4: 1020 daAuts
     D:5: 927 daAuts
     D:6: 909 daAuts
    D:10: 876 daAuts
     D:7: 870 daAuts
     D:2: 855 daAuts

Table legend:
 A = Non-vault XP
 B = Vault XP
 C = Vault XP percentage of total XP
 D = Non-vault monster count
 E = Vault monster count
 F = Vault count percentage of total count
                 A         B        C        D         E       F
            +---------+---------+-------+---------+---------+-------
      Total |   63004 |   41093 |  39.5 |     401 |     202 |  33.5
            +---------+---------+-------+---------+---------+-------
        D:1 |      33 |       0 |   0.0 |      18 |       0 |   0.0
        D:2 |      91 |       0 |   0.0 |      16 |       0 |   0.0
        D:3 |     180 |       0 |   0.0 |      22 |       0 |   0.0
        D:4 |     152 |       0 |   0.0 |      17 |       0 |   0.0
        D:5 |     608 |       0 |   0.0 |      21 |       0 |   0.0
        D:6 |     663 |     437 |  39.7 |      14 |       3 |  17.6
        D:7 |     966 |       0 |   0.0 |      25 |       0 |   0.0
        D:8 |    1338 |    2694 |  66.8 |      23 |       9 |  28.1
        D:9 |     388 |       0 |   0.0 |      23 |       0 |   0.0
       D:10 |    1572 |      34 |   2.1 |      14 |       4 |  22.2
       D:11 |    5277 |       0 |   0.0 |      18 |       0 |   0.0
       D:12 |    1860 |    2165 |  53.8 |       9 |      25 |  73.5
       D:13 |    5024 |    2886 |  36.5 |       7 |      25 |  78.1
       D:14 |    4507 |       0 |   0.0 |       9 |       0 |   0.0
       D:15 |    4603 |    7970 |  63.4 |       7 |      11 |  61.1
     Lair:1 |    3331 |       0 |   0.0 |      17 |       0 |   0.0
     Lair:2 |    9386 |    1059 |  10.1 |      37 |       4 |   9.8
     Lair:3 |    2799 |     665 |  19.2 |      14 |       4 |  22.2
     Lair:4 |    7453 |    1626 |  17.9 |      25 |       4 |  13.8
     Lair:5 |    9987 |    7183 |  41.8 |      29 |      16 |  35.6
      Orc:1 |    1860 |    1239 |  40.0 |      17 |       2 |  10.5
      Orc:2 |     926 |   10222 |  91.7 |      19 |      69 |  78.4
    Abyss:3 |       0 |     753 | 100.0 |       0 |       1 | 100.0
    Ossuary |       0 |     153 | 100.0 |       0 |      16 | 100.0
     Bailey |       0 |    2007 | 100.0 |       0 |       9 | 100.0
            +---------+---------+-------+---------+---------+-------
